 Dungeon Crawl Stone Soup version 0.19-a0-1608-g4cf22de (webtiles) character file.

52 jacquesderrida the Slasher (level 3, 5/18 HPs)
             Began as a Vine Stalker Skald on Sept 17, 2016.
             Quit the game on level 4 of the Dungeon.
             The game lasted 00:01:25 (369 turns).

jacquesderrida the Slasher (Vine Stalker Skald)      Turns: 369, Time: 00:01:26

Health: 5/18       AC:  3    Str: 14    XL:     3   Next: 85%
Magic:  4/7        EV: 11    Int: 12    God:
Gold:   29         SH:  0    Dex: 14    Spells: 1 memorised, 5 levels left

rFire  . . .     SeeInvis .     a - +0 falchion
rCold  . . .     Gourm    .     b - +0 leather armour
rNeg   . . .     Faith    .     (no shield)
rPois  .         Spirit   +     (no helmet)
rElec  .         Dismiss  .     (no cloak)
rCorr  .         Reflect  .     (no gloves)
MR     .....     Harm     .     (no boots)
Stlth  +.........               (no amulet)
                                (no ring)
                                (no ring)

@: no status effects
A: fangs 2, magic shield, antimagic bite, no device heal 3, rot immunity
a: no special abilities


You were on level 4 of the Dungeon.
You were not hungry.

You visited 1 branch of the dungeon, and saw 4 of its levels.

You collected 29 gold pieces.

Inventory:

Hand Weapons
 a - a +0 falchion (weapon)
Armour
 b - a +0 leather armour (worn)
Books
 c - a book of Battle

   Spells                             Type                      Level
   a - Infusion                       Charms                       1
   b - Shroud of Golubria             Charms/Translocation         2
   c - Song of Slaying                Charms                       2
   d - Spectral Weapon                Hexes/Charms                 3
   e - Regeneration                   Charms/Necromancy            3
Comestibles
 d - 2 bread rations
 g - a beef jerky


   Skills:
 - Level 1.7 Fighting
 + Level 3.6 Long Blades
 - Level 0.7 Armour
 - Level 0.7 Dodging
 - Level 2.1 Spellcasting
 - Level 3.0 Charms


You had 5 spell levels left.
You knew the following spells:

 Your Spells              Type           Power        Failure   Level  Hunger
a - Infusion              Chrm           #...         12%         1    ##.....


Dungeon Overview and Level Annotations

Branches:
Dungeon (4/15)
 Temple: D:4-7

Altars:


Innate Abilities, Weirdness & Mutations

You have extremely sharp teeth.
When hurt, damage is shared between your health and your magic reserves.
Your bite disrupts and absorbs the magic of your enemies.
Potions and wands cannot restore your health.
You are immune to rotting.


Message History

There is a stone staircase leading down here.
You climb downwards.
There is a stone staircase leading up here.
A worm comes into view.
Found 21 stones.
A worker ant comes into view.
Found a stone staircase leading down.
You aren't carrying any items that you can evoke.
It was a potion of magic.
Magic courses through your body.
As you read the scroll labeled NETWUHA NYOXT, it crumbles to dust.
The creatures around you are filled with an inner flame!
It was a scroll of immolation.
The worker ant misses you.
You hit the worker ant but do no damage.
Your bite misses the worker ant.
The worker ant waves its antennae.
The worker ant bites you.
* * * LOW HITPOINT WARNING * * *
The worker ant closely misses you.
Unknown command.
Are you sure you want to abandon this character and quit the game? (Confirm with "yes".)

#......#...
####+#.#.###
#.......#
#<..#...##
#####....##
####..# ##.#
#a# #@# #.#
#.# ..# ###


You could see a worker ant (inner flame).

Vanquished Creatures
  Jessica (D:2)
  An ooze (D:2)
  A leopard gecko (D:2)
  An orc (D:3)
  2 bats (D:2)
  A giant cockroach (D:3)
  A goblin (D:2)
  3 hobgoblins (D:2)
  3 jackals (D:2)
  A frilled lizard (D:3)
  3 kobolds
  A rat (D:2)
19 creatures vanquished.

Notes
Turn   | Place    | Note
-------+----------+-------------------------------------------
     0 | D:1      | jacquesderrida the Vine Stalker Skald began the quest for the Orb.
     0 | D:1      | Reached XP level 1. HP: 11/11 MP: 4/4
    82 | D:2      | Noticed Jessica
    91 | D:2      | Killed Jessica
    91 | D:2      | Reached XP level 2. HP: 3/15 MP: 1/6
    91 | D:2      | Reached XP level 3. HP: 4/18 MP: 1/7
   369 | D:4      | Quit the game

Vault maps used:
D:1:      saegor_arrival_miasma
D:2:      minmay_diamond_boxcup, grunt_temple_overflow_diamond, first_bread,
          uniq_jessica
D:3:      nicolae_tso_carved_into_rock
D:4:      kb_forest_paths, uniq_robin

Skill      XL: |  1 |
---------------+----+-----
Long Blades    | 3 |  3.6
Fighting       | |  1.7
Armour         | |  0.7
Dodging        | |  0.7
Spellcasting   | |  2.1
Charms         | |  3.0

Action                   || total
-------------------------++-------
Melee: Falchion          ||    68
       Bite              ||    12
  Use: Scroll            ||     1
       Potion            ||     1
Armor: Leather armour    ||    23
Dodge: Dodged            ||    30
